Map: Abyssal Reef LE

Players

NeO

  • Race: Terran Terran
  • League: Diamond
  • Spawn Location: 11:00

Arktos - Winner!

  • Race: Terran Terran
  • Spawn Location: 5:00

VOD

Have the link to the VOD?

Description

Time

  • Played on: Feb. 20, 2017, 12:55 p.m.
  • Length: 16:02
Show
View Real Time Build Order
Export as new Build Order

NeO Terran 

Build Orders:  

Get SALT Encoding   

  12  0:01  SCV  
  13  0:13  SCV  
  14  0:17  Supply Depot  
  14  0:26  Refinery  
  14  0:28  SCV  
  15  0:43  Barracks  
  15  0:46  SCV  
  16  0:58  SCV  
  16  1:03  Refinery  
  17  1:10  SCV  
  18  1:20  Supply Depot  
  18  1:22  SCV  
  19  1:30  Reaper  
  20  1:40  SCV  
  21  1:50  Factory  
  21  1:52  SCV  
  22  2:10  Barracks Tech Lab  
  22  2:14  SCV  
  23  2:19  Supply Depot  
  23  2:23  Barracks  
  23  2:26  SCV  
  24  2:30  Stimpack  
  24  2:32  Marine  
  25  2:37  Factory Tech Lab  
  25  2:46  SCV  
  25  2:50  Marine  
  27  2:55  Siege Tank  
  30  3:02  SCV  
  31  3:09  Marine  
  31  3:10  Marine  
  33  3:15  Starport  
  33  3:27  Marine  
  33  3:29  Orbital Command  
  33  3:43  Marine  
  33  3:45  Marine  
  33  3:46  Cyclone  
  38  4:01  Marine  
  39  4:05  Supply Depot  
  39  4:20  Supply Depot  
  39  4:26  Siege Tank, Medivac  
  44  4:41  Marine  
  44  4:44  Marine  
  44  4:45  Command Center  
  46  4:59  Marine  
  47  5:02  Marine  
  42  5:17  Marine  
  41  5:29  Siege Tank  
  41  5:30  Marine  
  41  5:34  Marine  
  45  5:48  Marine  
  46  5:52  Marine  
  47  6:03  Command Center, Medivac  
  49  6:06  Marine  
  49  6:10  Marine  
  51  6:23  Marine  
  52  6:28  Siege Tank  
  55  6:35  Marine, Medivac  
  58  6:41  Marine  
  58  6:48  Liberator  
  58  6:53  Marine  
  40  7:27  Marine x2  
  40  7:29  SCV  
  40  7:31  Liberator  
  40  7:32  SCV  
  41  7:41  SCV  
  42  7:45  Marine x2, SCV  
  48  7:53  SCV  
  48  7:55  Starport  
  48  7:56  Starport  
  48  7:57  SCV  
  50  8:02  Siege Tank  
  50  8:03  Marine x2  
  55  8:05  SCV  
  55  8:09  SCV  
  57  8:17  SCV  
  58  8:20  Marine x2  
  58  8:21  SCV  
  61  8:30  SCV  
  61  8:33  SCV  
  60  8:35  Starport Tech Lab x2  
  60  8:38  Marine  
  60  8:39  Fusion Core  
  61  8:42  SCV  
  61  8:44  Refinery x2  
  61  8:45  SCV  
  61  8:48  Command Center  
  63  9:04  Siege Tank  
  63  9:07  Banshee  
  63  9:09  SCV x2  
  71  9:21  SCV x2  
  73  9:33  SCV x2  
  75  9:40  Cloaking Field  
  75  9:41  Weapon Refit  
  75  9:45  SCV  
  75  9:46  SCV  
  75  9:52  Marine  
  77  9:58  Battlecruiser, Marine, SCV  
  77  9:59  SCV  
  87  10:10  Marine, SCV  
  87  10:11  SCV  
  90  10:21  Armory  
  90  10:22  Battlecruiser  
  96  10:31  Orbital Command  
  96  10:33  Marine x2  
  98  10:37  Starport Tech Lab  
  98  10:40  SCV x2  
  100  10:47  Engineering Bay  
  100  10:52  SCV  
  101  11:10  Supply Depot x2  
  101  11:22  Refinery  
  101  11:25  Refinery  
  101  11:31  Battlecruiser, SCV x2  
  101  11:32  Battlecruiser, SCV  
  116  11:44  SCV  
  117  11:51  Supply Depot  
  117  11:53  Terran Ship Weapons Level 1  
  117  11:56  Supply Depot  
  117  12:02  Battlecruiser, SCV x2  
  95  12:14  SCV x2  
  89  12:26  Siege Tank  
  77  12:58  Siege Tank  
  80  13:08  Battlecruiser  
  86  13:23  Command Center  
  86  13:31  Siege Tank  
Show
View Real Time Build Order
Export as new Build Order

Arktos Terran - Winner!

Build Orders: Cyclone Opening 

Get SALT Encoding   

  12  0:00  SCV  
  13  0:13  SCV  
  14  0:19  Supply Depot  
  14  0:25  SCV  
  15  0:40  SCV, Refinery  
  16  0:45  Barracks  
  16  0:52  SCV  
  17  1:00  Refinery  
  17  1:04  SCV  
  18  1:17  SCV  
  20  1:34  Orbital Command  
  20  1:36  Factory  
  19  1:44  Reaper  
  20  2:00  Supply Depot, SCV  
  21  2:12  SCV  
  22  2:20  Factory  
  22  2:22  Cyclone  
  25  2:26  SCV  
  25  2:29  Reaper  
  27  2:38  SCV  
  28  2:45  Supply Depot  
  28  2:54  Cyclone  
  31  3:06  Cyclone, SCV  
  35  3:22  Marine  
  36  3:29  Cyclone  
  39  3:36  Supply Depot  
  39  3:39  SCV  
  40  3:43  Cyclone  
  41  3:59  SCV  
  41  4:02  Cyclone  
  45  4:08  Command Center  
  45  4:14  SCV  
  46  4:20  Cyclone  
  49  4:29  SCV  
  50  4:31  Supply Depot  
  53  4:38  Cyclone  
  53  4:43  SCV  
  54  4:47  Supply Depot  
  54  4:52  Engineering Bay  
  54  4:53  Factory Tech Lab  
  54  4:57  SCV  
  55  5:11  Cyclone  
  58  5:34  Siege Tank  
  61  5:48  SCV  
  61  5:49  Orbital Command  
  62  5:53  Missile Turret  
  62  5:59  Missile Turret  
  62  6:00  Cyclone  
  62  6:02  SCV  
  66  6:12  Command Center  
  66  6:20  Siege Tank  
  69  6:27  Starport  
  69  6:29  SCV x2  
  71  6:35  Missile Turret  
  71  6:36  Refinery  
  71  6:39  Refinery  
  71  6:42  Cyclone  
  74  6:50  Missile Turret  
  74  6:51  Supply Depot  
  50  7:26  Liberator  
  50  7:32  Orbital Command, SCV  
  50  7:33  SCV  
  50  7:34  Cyclone  
  50  7:35  Siege Tank  
  61  7:45  SCV  
  61  7:48  Command Center  
  62  7:52  SCV  
  62  7:57  SCV  
  64  8:01  SCV  
  65  8:08  SCV  
  65  8:09  SCV  
  65  8:10  Cyclone  
  65  8:11  Siege Tank  
  73  8:18  Factory  
  70  8:34  SCV x2  
  70  8:36  Missile Turret  
  72  8:43  Missile Turret  
  72  8:46  SCV  
  72  8:47  SCV  
  75  8:49  Sensor Tower  
  75  8:50  Cyclone  
  75  8:51  Siege Tank  
  80  8:57  Armory  
  80  9:01  Supply Depot  
  80  9:13  Missile Turret  
  80  9:15  Refinery  
  80  9:18  Liberator  
  80  9:19  Refinery  
  80  9:21  Factory Tech Lab  
  80  9:25  Missile Turret  
  80  9:26  Missile Turret, Cyclone  
  80  9:27  Siege Tank  
  89  9:39  SCV x3  
  89  9:40  Siege Tank  
  95  9:51  SCV x2  
  97  9:54  Supply Depot  
  97  10:02  SCV  
  97  10:03  Missile Turret, Cyclone  
  101  10:11  Missile Turret  
  101  10:17  Siege Tank  
  101  10:18  Siege Tank  
  107  10:22  Starport Reactor  
  107  10:35  Planetary Fortress  
  107  10:36  Supply Depot  
  107  10:38  SCV x2  
  107  10:40  Missile Turret  
  109  10:43  Factory Reactor  
  109  10:46  Starport  
  109  10:49  Terran Vehicle And Ship Armor Level 1  
  109  10:52  Supply Depot  
  109  10:53  SCV  
  109  10:54  SCV x2  
  112  11:04  Siege Tank x2  
  112  11:09  Liberator  
  118  11:13  SCV x4  
  122  11:18  Sensor Tower  
  122  11:24  Factory  
  122  11:25  Starport Tech Lab  
  122  11:28  Factory  
  122  11:30  Factory  
  125  11:46  Cyclone  
  125  11:47  Siege Tank, Cyclone  
  121  12:19  Viking x2  
  121  12:20  Viking  
  121  12:21  Thor  
  133  12:23  Thor  
  133  12:25  Widow Mine x2  
  143  12:41  Factory Tech Lab x3  
  131  12:52  Viking x2  
  131  12:53  Viking  
  131  12:57  Terran Vehicle Weapons Level 1, Supply Depot  
  137  12:59  Armory  
  137  13:02  Supply Depot  
  125  13:26  Thor x2  
  137  13:36  Missile Turret  
  137  13:48  Thor  
  137  13:58  Viking x2  
  137  14:02  Widow Mine x2  
  117  14:26  Viking  
  117  14:28  Thor  
  110  14:37  Missile Turret  
  105  14:40  Missile Turret  
  105  14:53  Thor  
  109  15:06  Viking  
  102  15:30  Supply Depot  
  102  15:31  Barracks  
  102  15:35  Barracks  
  114  15:37  Barracks  
  114  15:38  Barracks  
Tags
 
League
Diamond
Matchup
TvT
Race
Terran
Spawn Locations
Cross Positions
Add a new tag
Caveats
  • Supply blocks, unpowered buildings, or Contaminate may cause inaccurate times.
  • Supply counts are checked every 10 seconds.